Map: Cyber Forest LE

Players

Woah

  • Race: Terran Terran
  • Spawn Location: 11:00

lllllmoru - Winner!

  • Race: Protoss Protoss
  • League: Platinum
  • Spawn Location: 5:00

VOD

Have the link to the VOD?

Description

Time

  • Played on: June 11, 2019, 5:02 p.m.
  • Length: 16:11
Show
View Real Time Build Order
Export as new Build Order

Woah Terran 

Build Orders:  

Get SALT Encoding   

  12  0:01  SCV  
  13  0:13  SCV  
  14  0:19  Supply Depot  
  14  0:28  SCV  
  15  0:46  Barracks  
  15  0:48  Refinery  
  15  0:50  SCV  
  16  1:33  Orbital Command  
  16  1:34  Marine  
  16  1:38  Barracks  
  16  2:00  Barracks Reactor, Supply Depot  
  16  2:02  SCV  
  17  2:14  SCV  
  18  2:26  Command Center  
  18  2:35  Barracks  
  18  2:38  Marine  
  18  2:41  SCV  
  20  2:44  Barracks Tech Lab  
  20  2:53  SCV  
  21  3:01  Factory  
  21  3:05  SCV  
  22  3:06  Refinery  
  22  3:08  Marine  
  22  3:10  Marine  
  24  3:20  SCV  
  25  3:28  Marine x3  
  25  3:32  Stimpack  
  28  3:39  Marauder  
  30  3:41  SCV  
  31  3:55  Engineering Bay, Marine  
  31  3:56  Bunker  
  31  3:59  Barracks Tech Lab  
  31  4:02  Widow Mine  
  34  4:05  SCV  
  35  4:13  Orbital Command  
  35  4:27  Combat Shield  
  35  4:34  Terran Infantry Weapons Level 1  
  35  4:38  SCV  
  36  4:39  Missile Turret  
  36  4:42  SCV  
  37  4:48  Marauder  
  37  4:51  SCV  
  40  5:02  Starport  
  40  5:06  Factory Reactor  
  40  5:11  SCV  
  40  5:12  SCV  
  42  5:20  Supply Depot  
  42  5:24  Supply Depot  
  39  5:51  SCV  
  39  6:16  Missile Turret  
  39  6:19  Medivac x2  
  39  6:21  Command Center  
  39  6:24  Cyclone  
  46  6:27  Barracks Reactor  
  46  6:28  Marine  
  47  6:36  Missile Turret  
  49  6:47  Marauder, Marine  
  50  7:00  SCV x2  
  52  7:08  Supply Depot  
  52  7:12  SCV x2  
  42  7:51  Viking x2  
  42  7:57  SCV x2  
  48  8:08  Starport  
  48  8:09  SCV x2  
  50  8:21  SCV, Orbital Command  
  50  8:22  SCV  
  50  8:26  Missile Turret  
  52  8:27  Marine x3  
  52  8:31  Missile Turret  
  52  8:33  SCV  
  52  8:34  SCV  
  57  8:44  Marine  
  57  8:45  SCV  
  57  8:46  SCV  
  57  8:47  Supply Depot  
  60  8:53  Viking x3  
  66  8:55  Marine  
  66  8:56  Marine  
  66  8:58  SCV x2  
  70  9:10  SCV x2, Factory  
  70  9:13  SCV, Refinery  
  70  9:14  Refinery  
  73  9:17  Refinery  
  73  9:22  SCV  
  73  9:33  Viking  
  73  9:38  SCV x3  
  77  9:43  Marine, Barracks Tech Lab x2  
  77  9:44  Bunker, Marine  
  80  9:50  SCV x3, Cyclone  
  86  9:58  Mag-Field Accelerator  
  86  10:01  Marine x2  
  86  10:02  SCV  
  89  10:08  Viking  
  91  10:19  Armory, Refinery, Marine x2  
  93  10:31  Armory  
  86  10:51  Viking x3  
  90  11:03  Cyclone  
  93  11:12  Command Center  
  93  11:21  Terran Ship Weapons Level 1  
  93  11:22  Terran Vehicle And Ship Armor Level 1  
  93  11:37  Marine x2  
  93  11:39  Marine x2  
  91  11:41  Cyclone  
  71  11:48  Cyclone  
  72  11:55  Marine x2  
  72  11:57  Marine x2  
  74  12:04  Viking x4  
  79  12:08  Missile Turret  
  79  12:10  Missile Turret  
  79  12:13  Cyclone, Marine x2  
  79  12:14  Marine x2  
  81  12:30  Marine  
  74  12:38  Viking x3  
  82  12:59  Marine  
  82  13:00  Marine  
  82  13:01  Marine x2  
  82  13:02  Cyclone  
  89  13:05  Cyclone  
  89  13:11  Supply Depot x2  
  90  13:13  Supply Depot  
  90  13:17  Terran Ship Weapons Level 2  
  90  13:23  Terran Vehicle And Ship Armor Level 2  
  90  13:39  Starport  
  59  13:59  Viking x2  
  59  14:00  Viking x2  
  64  14:05  Marine x2  
  66  14:14  Cyclone  
  66  14:15  Cyclone  
  72  14:32  Viking  
  70  14:46  Cyclone  
  70  15:01  Viking x2  
  74  15:14  Marine x3  
  72  15:32  Marine  
  60  15:39  SCV x2  
  55  15:50  Marine  
  55  15:51  SCV x2, Marine x2  
Show
View Real Time Build Order
Export as new Build Order

lllllmoru Protoss - Winner!

Build Orders: Carriers 

Get SALT Encoding   

  12  0:01  Probe  
  13  0:20  Pylon  
  13  0:23  Probe  
  14  0:31  Probe  
  15  0:40  Probe  
  16  0:53  Probe  
  16  0:55  Pylon  
  17  1:07  Assimilator  
  16  1:26  Nexus  
  16  1:29  Probe  
  16  1:32  Assimilator  
  17  1:46  Gateway  
  17  1:48  Probe  
  18  1:56  Probe  
  19  2:02  Assimilator  
  19  2:04  Probe  
  20  2:10  Forge  
  20  2:15  Probe  
  20  2:20  Pylon  
  21  2:28  Probe  
  22  2:37  Zealot  
  22  2:38  Probe  
  22  2:40  Probe  
  26  2:52  Photon Cannon  
  26  2:56  Probe x2  
  26  2:57  Assimilator  
  28  3:08  Cybernetics Core  
  28  3:17  Assimilator  
  29  3:20  Probe x2  
  30  3:32  Probe x2  
  32  3:44  Probe x2  
  32  3:46  Stargate  
  34  3:56  Probe x2  
  34  3:59  Pylon  
  36  4:06  Shield Battery  
  36  4:08  Stalker, Probe  
  39  4:12  Probe  
  40  4:20  Oracle, Probe, Gateway  
  41  4:27  Probe  
  45  4:36  Probe  
  46  4:39  Probe  
  46  4:42  Pylon  
  47  4:47  Stalker  
  47  4:52  Probe  
  50  5:03  Pylon  
  50  5:08  Fleet Beacon  
  50  5:09  Stalker  
  52  5:15  Void Ray  
  56  5:22  Stalker  
  58  6:06  Carrier  
  58  6:10  Stargate  
  64  6:17  Photon Cannon  
  64  6:20  Probe x2  
  66  6:31  Stalker  
  68  6:40  Protoss Air Weapons Level 1  
  68  6:48  Stargate  
  68  6:58  Pylon  
  68  7:12  Pylon  
  68  7:13  Gateway  
  68  7:15  Zealot  
  70  7:16  Gateway, Carrier  
  73  7:23  Twilight Council  
  71  7:30  Carrier  
  61  7:46  Carrier  
  64  7:56  Probe  
  64  7:58  Pylon  
  64  7:59  Probe  
  64  8:04  Probe  
  66  8:09  Zealot x2  
  66  8:10  Zealot  
  66  8:11  Probe  
  74  8:13  Probe  
  74  8:17  Pylon  
  74  8:19  Protoss Air Armor Level 1  
  75  8:21  Probe, Carrier  
  75  8:23  Photon Cannon  
  75  8:25  Probe  
  83  8:29  Probe  
  84  8:37  Probe x2  
  84  8:39  Carrier  
  86  8:50  Probe  
  91  9:38  Shield Battery  
  91  9:40  Pylon  
  91  9:52  Zealot  
  93  9:57  Stalker  
  93  9:58  Carrier  
  101  10:00  Pylon  
  101  10:02  Pylon  
  101  10:09  Pylon  
  101  10:18  Zealot, Carrier  
  109  10:27  Nexus  
  109  10:30  Protoss Air Weapons Level 2  
  101  11:04  Carrier x2  
  101  11:09  Mothership  
  109  12:07  Probe  
  110  12:10  Assimilator  
  110  12:14  Pylon  
  110  12:16  Assimilator  
  110  12:19  Probe  
  111  12:24  Probe  
  111  12:26  Charge  
  112  12:31  Probe  
  112  12:36  Probe  
  108  12:38  Carrier x3  
  120  13:06  Probe  
  120  13:10  Zealot x3  
  127  13:18  Probe  
  128  13:26  Protoss Air Weapons Level 3  
  118  14:27  Carrier x2  
  130  15:14  Zealot x3  
  128  15:20  Nexus  
  126  15:54  Nexus  
Tags
 
Composition
Carriers
League
Platinum
Matchup
PvT
Replay Pack
r1
Spawn Locations
Cross Positions
Add a new tag
Caveats
  • Supply blocks, unpowered buildings, or Contaminate may cause inaccurate times.
  • Supply counts are checked every 10 seconds.